details: '2 afkers 1 bser 1 valiant hold'

« prev index next »

General information

Mini Map

Players

team 1
Random» OrcZXZ (yellow | 37 APM | 79 actions | 02:07)

» actions
Assign group hotkey1
Build / train12
Enter build submenu7
Right click16
Select / deselect33
Select group hotkey4
Use ability6
79 total
» units
Peon5
Peasant4
Grunt1
10 total
» buildings
Altar of Storms1
Orc Burrow2
Barracks1
Farm2
6 total
» build order
00:13 Altar of Storms
00:18 Orc Burrow
00:41 Barracks
00:47 Farm
01:25 Orc Burrow
01:35 Farm
NightElfdraknyus (orange | 38 APM | 1383 actions | 35:59)
Hero icon 7 Demon Hunter
Ability icon 3 Evasion
Ability icon 3 Mana Burn
Ability icon 1 Metamorphosis
Hero icon 5 Blademaster
Ability icon 3 Critical Strike
Ability icon 2 Mirror Image
Hero icon 4 Shadow Hunter
Ability icon 3 Healing Wave
Ability icon 1 Hex
Hero icon 4 Keeper of the Grove
Ability icon 2 Thorns Aura
Ability icon 1 Force of Nature
Ability icon 1 Entangling Roots
Hero icon 3 Priestess of the Moon
Ability icon 2 Trueshot Aura
Ability icon 1 Searing Arrows

» actions
Assign group hotkey42
Build / train120
Enter build submenu43
Enter hero's abilities submenu23
Give item / drop item1
Remove unit from queue1
Right click506
Select / deselect421
Select group hotkey147
Use ability78
1383 total
» units
Wisp17
Archer32
Huntress7
Hippogryph4
Peon1
61 total
» upgrades
Strength of the Moon3
Strength of the Wild1
Improved Bows1
Moon Armor3
Sentinel1
Ultravision1
Marksmanship1
Upgrade Moon Glaive1
Spiked Barricades3
Reinforced Defenses1
Nature's Blessing1
Well Spring1
Ranged Weapons1
Armor1
Reinforced Hides1
Melee Weapons1
22 total
» buildings
Altar of Elders1
Ancient of War1
Moon Well11
Great Hall1
Tree of Ages2
Hunter's Hall1
Ancient of Wonders2
Stronghold1
Tree of Eternity1
Altar of Storms1
Ancient Protector6
Fortress1
War Mill1
Watch Tower11
Ancient of Wind2
Tree of Life1
Barracks1
45 total
» build order
00:08 Altar of Elders
00:14 Ancient of War
00:23 Moon Well
02:20 Moon Well
03:19 Moon Well
04:35 Great Hall
04:42 Tree of Ages
04:46 Hunter's Hall
04:54 Moon Well
06:15 Ancient of Wonders
06:18 Moon Well
06:49 Stronghold
07:31 Moon Well
08:35 Moon Well
09:55 Moon Well
10:04 Tree of Eternity
11:27 Altar of Storms
11:35 Ancient Protector
12:54 Fortress
13:04 War Mill
14:34 Watch Tower
14:37 Watch Tower
14:40 Watch Tower
14:48 Ancient Protector
14:52 Ancient Protector
14:55 Ancient Protector
15:47 Watch Tower
15:50 Watch Tower
15:51 Watch Tower
18:09 Watch Tower
18:31 Ancient Protector
18:35 Ancient Protector
18:40 Ancient of Wind
21:34 Ancient of Wind
21:56 Tree of Life
25:35 Watch Tower
26:47 Watch Tower
27:14 Moon Well
27:17 Moon Well
30:21 Barracks
30:47 Moon Well
30:56 Watch Tower
31:22 Watch Tower
32:16 Tree of Ages
32:36 Ancient of Wonders
» items
Periapt of Vitality1
Boots of Speed1
Circlet of Nobility1
Orb of Venom1
4 total
Random» Have2TakeSh1t (pink | 3 APM | 74 actions | 24:40)
Hero icon 1 Shadow Hunter
Ability icon 1 Hex

» actions
Basic commands27
Build / train1
Enter hero's abilities submenu1
Right click23
Select / deselect14
Use ability8
74 total
HumanArchmage33 (purple | 33 APM | 16 actions | 00:29)

» actions
Build / train2
Enter build submenu2
Right click4
Select / deselect6
Use ability2
16 total
» units
Peasant2
2 total
» buildings
Barracks1
Altar of Kings1
2 total
» build order
00:07 Barracks
00:10 Altar of Kings
team 2
NightElfJordanisgod (green | 65 APM | 2345 actions | 35:59)
Hero icon 6 Priestess of the Moon
Ability icon 3 Trueshot Aura
Ability icon 2 Searing Arrows
Ability icon 1 Starfall
Hero icon 1 Blademaster
Ability icon 1 Critical Strike
Hero icon 6 Keeper of the Grove
Ability icon 2 Entangling Roots
Ability icon 3 Thorns Aura
Ability icon 1 Tranquility

» actions
Assign group hotkey115
Basic commands121
Build / train181
Enter build submenu24
Enter hero's abilities submenu13
Give item / drop item1
Remove unit from queue1
Right click1025
Select / deselect359
Select group hotkey428
Use ability77
2345 total
» units
Wisp48
Archer25
Grunt20
Hippogryph18
Chimaera28
Glaive Thrower11
150 total
» upgrades
Hippogryph Taming1
Corrosive Breath1
Strength of the Wild1
Marksmanship1
Improved Bows1
Strength of the Moon2
Moon Armor1
Vorpal Blades1
9 total
» buildings
Altar of Elders1
Moon Well8
Ancient of War2
Barracks2
Orc Burrow2
Tree of Ages1
Tree of Life5
Tree of Eternity1
Ancient of Wind1
Chimaera Roost2
Altar of Storms1
Hunter's Hall1
27 total
» build order
00:05 Altar of Elders
00:07 Moon Well
00:29 Ancient of War
01:24 Moon Well
02:22 Ancient of War
02:49 Barracks
03:32 Barracks
04:20 Orc Burrow
04:36 Moon Well
04:37 Tree of Ages
05:20 Moon Well
06:00 Tree of Life
07:02 Tree of Eternity
08:01 Ancient of Wind
08:11 Orc Burrow
10:18 Chimaera Roost
10:18 Chimaera Roost
12:43 Moon Well
14:17 Tree of Life
14:24 Altar of Storms
14:53 Moon Well
14:54 Moon Well
14:54 Moon Well
15:27 Hunter's Hall
18:03 Tree of Life
26:12 Tree of Life
31:05 Tree of Life
» items
Scroll of Town Portal1
1 total
Human128941417897841 (red | 85 APM | 3047 actions | 36:00)
Hero icon 8 Archmage
Ability icon 3 Blizzard
Ability icon 3 Brilliance Aura
Ability icon 1 Mass Teleport
Ability icon 1 Summon Water Elemental

» actions
Assign group hotkey35
Basic commands555
Build / train102
ESC pressed1
Enter build submenu33
Enter hero's abilities submenu8
Give item / drop item1
Remove unit from queue10
Right click1289
Select / deselect497
Select group hotkey444
Use ability72
3047 total
» units
Peasant14
Footman6
Gryphon Rider23
Dragonhawk Rider5
48 total
» upgrades
Defend1
Masonry3
Lumber Harvesting1
Storm Hammers1
Animal War Training1
Armor3
Swords3
Cloud1
Plating2
Gunpowder3
Magic Sentry1
Sorceress Training1
21 total
» buildings
Altar of Kings1
Farm11
Barracks1
Scout Tower10
Keep1
Lumber Mill1
Castle1
Guard Tower9
Arcane Vault1
Gryphon Aviary2
Blacksmith1
Town Hall1
Arcane Sanctum1
41 total
» build order
00:04 Altar of Kings
00:09 Farm
00:12 Barracks
01:30 Farm
03:25 Scout Tower
06:21 Farm
06:48 Keep
09:26 Scout Tower
09:27 Scout Tower
09:28 Scout Tower
09:32 Lumber Mill
10:06 Scout Tower
10:07 Scout Tower
10:09 Scout Tower
10:12 Castle
10:17 Farm
10:29 Scout Tower
10:39 Guard Tower
10:39 Guard Tower
10:39 Guard Tower
10:49 Farm
11:22 Guard Tower
11:23 Guard Tower
11:27 Arcane Vault
12:05 Gryphon Aviary
12:20 Gryphon Aviary
15:08 Blacksmith
17:51 Farm
18:34 Farm
20:59 Farm
26:49 Town Hall
27:31 Farm
31:26 Scout Tower
31:26 Scout Tower
32:09 Arcane Sanctum
32:14 Guard Tower
34:58 Farm
35:01 Farm
» items
Periapt of Vitality1
Staff of Teleportation1
Scroll of Regeneration3
Potion of Lesser Invulnerability2
Scroll of Healing2
Potion of Healing1
10 total
OrcLunatik (teal | 32 APM | 1144 actions | 35:59)
Hero icon 5 Shadow Hunter
Ability icon 3 Serpent Ward
Ability icon 1 Healing Wave
Ability icon 1 Hex

» actions
Assign group hotkey11
Basic commands164
Build / train37
Enter build submenu6
Enter hero's abilities submenu5
Remove unit from queue2
Right click396
Select / deselect243
Select group hotkey193
Use ability87
1144 total
» units
Peon7
Grunt19
26 total
» upgrades
Pillage1
1 total
» buildings
Orc Burrow3
Altar of Storms1
Barracks1
Voodoo Lounge1
6 total
» build order
00:23 Orc Burrow
00:40 Altar of Storms
00:57 Barracks
01:49 Orc Burrow
02:10 Voodoo Lounge
03:39 Orc Burrow
» items
Staff of Teleportation1
Circlet of Nobility1
2 total
OrcHAKA3ATEJIb (blue | 51 APM | 122 actions | 02:24)
Hero icon 1 Blademaster
Ability icon 1 Wind Walk

» actions
Build / train12
Enter build submenu5
Enter hero's abilities submenu1
Right click51
Select / deselect48
Use ability5
122 total
» units
Peon5
5 total
» buildings
Altar of Storms1
Orc Burrow3
Voodoo Lounge1
5 total
» build order
00:07 Altar of Storms
00:14 Orc Burrow
00:33 Voodoo Lounge
01:28 Orc Burrow
02:16 Orc Burrow
» items
Healing Salve2
Lesser Clarity Potion2
Scroll of Speed1
5 total

Chat log

(00:10 / Allies) Lunatik: rush pink is bser
(00:15 / Allies) Jordanisgod: kk
(00:29 / Allies) Lunatik: split
(00:31 / Allies) 128941417897841: I was bsed last game by xavier8 for taking a +1 intelligence tome for my archmage instead of his tauren chieftain
(00:31 / Allies) 128941417897841: lol
(00:42 / Allies) Jordanisgod: lol
(00:48 / Allies) Lunatik: was it his
(00:50 / All) Jordanisgod: ball so hard
(00:52 / All) Jordanisgod: pink
(01:01 / Allies) 128941417897841: I helped creep with him
(01:09 / Allies) 128941417897841: it is better for an AM than TC since it gives +damage
(01:11 / Allies) Lunatik: was it his
(01:28 / Allies) 128941417897841: it wasn't anybody's, nobody picked it up yet
(01:31 / Allies) HAKA3ATEJIb: LEAVER
(01:33 / Allies) Lunatik: so i kill bitches for stealin my shit
(01:42 / Allies) 128941417897841: it was a +1 intelligence tome
(01:52 / Allies) Lunatik: was it his
(02:01 / Allies) Jordanisgod: it was last game
(02:02 / All) ZXZ: well he s still off
(02:03 / Allies) Jordanisgod: lets do this one
(02:05 / All) ZXZ: gg
(02:08 / Allies) 128941417897841: can you read moron? I said earlier I helped creep with him and that it was nobody's until it was picked up
(02:25 / Allies) Lunatik: seems like he was right since u avoid the question

(07:19 / Allies) 128941417897841: let green use blue's units
(07:24 / Allies) 128941417897841: he's pretty good unlike you teal

(08:30 / Allies) 128941417897841: umad
(08:40 / Allies) Jordanisgod: stop
(08:44 / Allies) 128941417897841: teal is spamming
(08:46 / Allies) 128941417897841: trying to stab me
(09:06 / Allies) Jordanisgod: stop nigger teal
(09:07 / Allies) 128941417897841: gj feeding xp teal
(09:10 / Allies) Lunatik: gg then 2
(09:13 / Allies) 128941417897841: bye
(09:50 / Allies) Lunatik: u dont help me kill the bitch i fuk it up
(09:57 / Allies) 128941417897841: kill yourself
(09:59 / Allies) Jordanisgod: ?
(10:09 / Allies) Jordanisgod: fuicking stop[
(10:10 / Allies) Jordanisgod: wtf
(10:23 / Allies) 128941417897841: he is mad as fuck right now

(11:50 / Allies) 128941417897841: coming green
(12:08 / Allies) Jordanisgod: lumber?
(12:13 / Allies) 128941417897841: have none

(14:02 / Allies) 128941417897841: b
(14:04 / Allies) 128941417897841: making gryphons
(14:08 / Allies) Jordanisgod: kk

(15:51 / Allies) Jordanisgod: come red
(15:58 / Allies) 128941417897841: k
(15:59 / Allies) 128941417897841: omw

(17:48 / Allies) 128941417897841: gj

(19:34 / Allies) Jordanisgod: stay

(22:27 / Allies) Jordanisgod: go
(22:28 / Allies) 128941417897841: careful

(23:28 / All) Jordanisgod: god i love doing this all night
(23:34 / All) 128941417897841: this was a fun match
(23:36 / All) 128941417897841: even with teal

(28:21 / Allies) 128941417897841: I have cloud
(28:23 / Allies) 128941417897841: 1 sec
(28:25 / Allies) Jordanisgod: come
(28:57 / Allies) 128941417897841: need my hero
(29:15 / All) Jordanisgod: WHY THE FUCK ARE WQE STILL HERE
(30:00 / Allies) Jordanisgod: teal
(30:05 / Allies) Jordanisgod: can you help us finish this
(30:08 / Allies) Lunatik: nope
(30:09 / Allies) 128941417897841: he has 1 hero
(30:14 / Allies) Jordanisgod: what did i do to you?
(30:26 / Allies) Lunatik: u let a teammate tk another teammate
(30:31 / Allies) Lunatik: so fukk u too
(30:42 / Allies) Jordanisgod: lol
(30:43 / Allies) 128941417897841: I tked you because you threatened to tk me
(30:46 / Allies) 128941417897841: It was for our safety
(30:52 / Allies) Lunatik: no i didnt idiot
(30:56 / Allies) 128941417897841: You said you'd tk me if I took so much as a +1 int tome
(30:56 / Allies) Lunatik: but thats fine
(31:14 / Allies) Lunatik: cuz i put both u diots on the tk list and me amy friends tk u now
(31:18 / Allies) 128941417897841: lol ok
(31:25 / Allies) Lunatik: no matter bout record we just fukk u
(31:27 / Allies) 128941417897841: go ahead
(31:31 / Allies) Jordanisgod: lol
(31:35 / Allies) 128941417897841: this is a 0-0 account you don't even know my actual aka
(31:38 / Allies) 128941417897841: I can just rape you every time
(31:45 / Allies) Lunatik: never sen red before but will have plenty of chances at green
(31:52 / Allies) 128941417897841: key word "chances"
(31:57 / Allies) 128941417897841: green is 100x better than you
(31:59 / Allies) 128941417897841: he'd win
(32:15 / Allies) Jordanisgod: lets go
(32:17 / Allies) Lunatik: yep unfortunately green is gonna get it for ur bitch ass but so be it
(32:23 / Allies) 128941417897841: 1 sec
(32:27 / Allies) 128941417897841: killing burrows
(32:34 / Allies) 128941417897841: k
(32:35 / Allies) 128941417897841: omw
(33:06 / Allies) 128941417897841: checking item here
(33:47 / Allies) 128941417897841: go?
(34:07 / All) 128941417897841: that was a valliant effort orange
(34:15 / All) 128941417897841: wp

(35:24 / Allies) Jordanisgod: cliud